 Dungeon Crawl Stone Soup version 0.20.1-1-g8b1a95d (webtiles) character file.

5093 tidbits the Covert (level 10, -6/69 HPs)
             Began as a Felid Summoner on July 8, 2017.
             Was an Elder of Uskayaw.
             Mangled by a spiny frog (21 damage)
             ... on level 3 of the Lair of Beasts.
             The game lasted 02:31:39 (12961 turns).

tidbits the Covert (Felid Summoner)                Turns: 12961, Time: 02:31:40

Health: -6/69      AC:  3    Str: 11    XL:     10   Next: 32%
Magic:  23/23      EV: 28    Int: 18    God:    Uskayaw [****..]
Gold:   358        SH:  0    Dex: 19    Spells: 3/13 levels left
                                        Lives:  0   Deaths: 2

rFire    . . .     SeeInvis +     - Unarmed
rCold    . . .     Gourm    .   (shield unavailable)
rNeg     . . .     Faith    +   (armour unavailable)
rPois    +         Spirit   .   (helmet unavailable)
rElec    .         Reflect  .   (cloak unavailable)
rCorr    .         Harm     .   (gloves unavailable)
MR       +....                  (boots unavailable)
Stlth    ..........             b - amulet of faith
Regen    0.3/turn               i - ring of magical power
MPRegen  0.2/turn               g - ring of poison resistance

@: berserking, lethally poisoned (-6 -> -17), slowed, quick
A: no armour, no weapons or thrown items, stealth, claws 1, fangs 3, rugged
brown scales 1, see invisible, carnivore 3, speed 1, shaggy fur 2, slow
metabolism 1, strong 1, sharp paws
a: Stomp, Line Pass, Renounce Religion


You were on level 3 of the Lair of Beasts.
You worshipped Uskayaw.
Uskayaw was noncommittal.
You were full.

You visited 2 branches of the dungeon, and saw 16 of its levels.
You also visited: Sewer.

You collected 657 gold pieces.
You spent 299 gold pieces at shops.

Inventory:

Missiles
 l - 296 arrows
Jewellery
 b - an amulet of faith (around neck)
   (You found it on level 9 of the Dungeon)
 g - a ring of poison resistance (right paw)
   (You found it on level 3 of the Dungeon)
 i - a ring of magical power (left paw)
   (You found it on level 2 of the Lair of Beasts)
 k - an uncursed ring of positive energy
   (You found it on level 4 of the Dungeon)
Wands
 v - a wand of polymorph (5/24)
 w - a wand of flame (11/48)
 y - a wand of random effects (11/48)
 D - a wand of lightning (5/15)
 F - a wand of disintegration (7/24)
 G - a wand of disintegration (8/24)
 I - a wand of flame (24/48)
 K - a wand of iceblast (9/15)
 O - a wand of enslavement (9/24)
 P - a wand of digging (14/24)
Scrolls
 c - a scroll of enchant armour {unknown}
 f - 3 scrolls of amnesia
 h - 3 scrolls of immolation
 p - a scroll of blinking {unknown}
 q - a scroll of fear
 r - 6 scrolls of remove curse
 s - 4 scrolls of fog
 t - 4 scrolls of teleportation
 B - a scroll of silence {unknown}
 E - 2 scrolls of torment
 L - a scroll of vulnerability {unknown}
 M - a scroll of recharging {unknown}
Potions
 d - 3 potions of lignification
 e - 9 potions of flight
 j - 6 potions of curing
 m - 4 potions of cancellation
 o - 2 potions of heal wounds
 u - a potion of haste
 x - 4 potions of invisibility
 z - 3 potions of mutation {!q}
 A - a potion of might
 H - a potion of brilliance
Books
 a - a book of Callings

   Spells                             Type                      Level
   a - Summon Small Mammal            Summoning                    1
   b - Call Imp                       Summoning                    2
   c - Call Canine Familiar           Summoning                    3
   d - Summon Guardian Golem          Hexes/Summoning              3
   e - Summon Lightning Spire         Summoning/Air                4
   f - Summon Ice Beast               Ice/Summoning                4
 N - a book of Debilitation
   (You found it on level 11 of the Dungeon)

   Spells                             Type                      Level
   a - Corona                         Hexes                        1
   b - Slow                           Hexes                        2
   c - Inner Flame                    Hexes/Fire                   3
   d - Portal Projectile              Hexes/Translocation          3
   e - Cause Fear                     Hexes                        4
   f - Leda's Liquefaction            Hexes/Earth                  4
Comestibles
 n - 3 royal jellies
 J - 3 meat rations


   Skills:
 + Level 6.1 Fighting
 - Level 11.3 Dodging
 + Level 12.0 Stealth
 + Level 10.5 Unarmed Combat
 - Level 2.1 Spellcasting
 - Level 6.3 Summonings
 - Level 4.3 Air Magic
 - Level 4.6 Invocations


You had 3 spell levels left.
You knew the following spells:

 Your Spells              Type           Power        Failure   Level  Hunger
z - Summon Small Mammal   Summ           ###.         1%          1    #......
C - Call Imp              Summ           ###.....     1%          2    ###....
F - Call Canine Familiar  Summ           ###.....     4%          3    ###....
L - Summon Lightning Spi  Summ/Air       ###.....     21%         4    #####..


Dungeon Overview and Level Annotations

Branches:
Dungeon (12/15)            Temple (0/1) D:4            Lair (4/6) D:8
 Shoals (0/4) Lair:4        Snake (0/4) Lair:4
    Orc: D:9-12

Altars:
Dithmenos
Fedhas
Gozag
Makhleb
Okawaru
Qazlal
Ru
Sif Muna
Trog
Uskayaw
Vehumet

Shops:
D:6 [   D:8 !*(

Annotations:
D:5 exclusions: downstairs and phantom
D:6 exclusion: 2 electric eels
D:10 exclusion: orc wizard
D:11 exclusion: 3 downstairs
D:12 Kirke
Lair:1 exclusion: downstairs
Lair:2 exclusions: basilisk, black mamba, 2 blink frogs, downstairs, porcupine, steam dragon, 2 water moccasins and 1 more exclusion, Fannar, Harold
Lair:3 exclusions: bullfrog, crocodile, hell rat, hydra and water moccasin, Rupert, Snorg
Lair:4 exclusions: hippogriff, komodo dragon and manticore, Nessos


Innate Abilities, Weirdness & Mutations

You cannot wear armour.
You are incapable of wielding weapons or throwing items.
Your paws allow you to move quietly. (Stealth)
You have sharp claws.
You have razor-sharp teeth.
You have supernaturally acute eyesight. (SInv)
You are carnivorous and can eat meat at any time.
You cover ground quickly.
You are covered in thick fur. (AC +2)
You have a slow metabolism.
Your sharp claws are effective at attacking unaware monsters.
You are partially covered in rugged brown scales. (AC +1, +3% HP)
Your muscles are strong. (Str +2)


Message History

You feel sick.
You feel better.
A quokka comes into view.
The quokka moves out of view.
You can no longer pass through a line of other dancers.
You start resting.
A rat comes into view.
You claw the rat!
You kill the rat!
The quokka closely misses you.
You scratch the quokka.
You kill the quokka!
No target in view!
No target in view!
No target in view!
No target in view!
You see here a quokka corpse.
You butcher the quokka corpse.
Q - 2 chunks of flesh You see here a rat corpse.
You butcher the rat corpse.
Q - 3 chunks of flesh (gained 1) Eating one of 3 chunks of flesh.
You eat one of the 3 chunks of flesh.
This raw flesh tastes great.
Eating one of 2 chunks of flesh.
You eat one of the 2 chunks of flesh.
This raw flesh tastes great.
Eating a chunk of flesh.
You eat the chunk of flesh.
This raw flesh tastes great.
A water moccasin comes into view.
The water moccasin hisses angrily.
Casting: Summon Lightning Spire
Confirm with . or Enter, or press ? or * to list all spells.
Aiming: Summon Lightning Spire
Press: ? - help, Dir - move target cursor An electric hum fills the air.
Your lightning spire shoots out a bolt of lightning at the water moccasin!
The bolt of electricity hits the water moccasin.
Your lightning spire shoots out a bolt of lightning at the water moccasin!
The bolt of electricity hits the water moccasin.
Your lightning spire shoots out a bolt of lightning at the water moccasin!
The bolt of electricity hits the water moccasin.
Your lightning spire shoots out a bolt of lightning at the water moccasin!
The bolt of electricity hits the water moccasin.
The water moccasin dies!
Found an escape hatch in the floor.
Found 17 arrows.
Found a knobbly jade ring.
The helpless Gastronok fails to defend himself.
You eviscerate Gastronok!!!!
Gastronok is severely wounded.
You can now pass through a line of other dancers.
Casting: Summon Lightning Spire
Confirm with . or Enter, or press ? or * to list all spells.
Aiming: Summon Lightning Spire
Press: ? - help, Dir - move target cursor, f - Gastronok
Aim: Gastronok, wearing a glowing hat (severely wounded)
Okay, then.
You can't grasp things well enough to throw them.
Unknown command.
A red film seems to cover your vision as you go berserk!
You feel yourself moving faster!
You feel mighty!
The spiny frog gives a loud, deep croak!
You claw Gastronok!
Gastronok is almost dead.
Gastronok looks at you and mumbles some strange words.
You feel yourself slow down.
You claw Gastronok!
Gastronok is almost dead.
You claw Gastronok!
Gastronok is almost dead.
Uskayaw will force your foes to helplessly watch your dance.
Uskayaw prepares the audience for your solo!
The helpless Gastronok fails to defend himself.
You eviscerate Gastronok!!!!
You kill Gastronok!
Your Fighting skill increases to level 6!
Your Stealth skill increases to level 12!
Welcome back to level 10!
The spiny frog is no longer paralysed.
You scratch the spiny frog.
The spiny frog is lightly wounded.
The spiny frog completely misses you.
You closely miss the spiny frog.
The spiny frog is lightly wounded.
The spiny frog stings you!!
You claw the spiny frog!
The spiny frog is moderately wounded.
The spiny frog stings you!!
* * * LOW HITPOINT WARNING * * *
You are poisoned.
The spiny frog poisons you!
Uskayaw will force your foes to share their pain.
You scratch the spiny frog but do no damage.
You claw the spiny frog. You bite the spiny frog.
The spiny frog is heavily wounded.
You feel sick. The spiny frog barely misses you.
You scratch the spiny frog.
The spiny frog is severely wounded.
The spiny frog stings you!!
You die...

##...................
..D.8.t
#..................#
.......
#.................#
#................##
#...................
#.....
.#....P....#....##.
##.....
....####.#.(...=#
#...... #..#
.....+F....# #P.....
... ....##@....#P..
#......
#...............
#......
###.#...[...#.##
#..... . ##.....####
##..... ..
.........#.###P.[...
..............รท......
#.#..###..####...#..##
##### ### #####.#.#
#####


You could see a spiny frog.

Vanquished Creatures
  Gastronok (Lair:3)
  2 two-headed ogres
  4 black mambas
  5 spiny frogs
  2 hippogriffs (Lair:3)
  Sigmund (D:6)
  3 wyverns
  Eustachio (D:6)
  10 yaks
  2 hungry ghosts
  A naga (Lair:4)
  A soldier ant (D:11)
  3 water moccasins
  A black bear (D:6)
  A sky beast (D:6)
  An ice beast (D:10)
  2 phantoms
  2 wolves (Lair:3)
  An ogre (D:7)
  6 centaurs
  4 crocodiles
  8 bullfrogs
  4 scorpions
  2 killer bees (D:11)
  A wight (D:6)
  A howler monkey (D:6)
  4 crimson imps
  A centaur zombie (D:7)
  3 hounds
  2 jellies
  2 centaur skeletons
  An orc wizard (D:11)
  4 iguanas
  4 worker ants
  A merfolk siren (Sewer)
  A hound skeleton (D:9)
  A howler monkey skeleton (D:10)
  8 adders
  3 shadow imps
  2 adder skeletons
  2 worms
  11 leopard geckos
  5 orcs
  6 ball pythons
  9 giant cockroaches
  8 goblins
  4 hobgoblins (D:3)
  20 jackals
  16 kobolds
  5 quokkas
  5 bats
  9 frilled lizards
  A leopard gecko skeleton (D:4)
  A leopard gecko zombie (D:8)
  A quokka skeleton (D:6)
  32 rats
242 creatures vanquished.

Vanquished Creatures (collateral kills)
  A two-headed ogre (D:11)
  An oklob plant (Lair:1)
  2 ugly things (D:11)
  A manticore (D:11)
  A hippogriff (Lair:3)
  4 yaks
  6 water moccasins
  2 porcupines
  3 orc warriors
  A wolf (Lair:3)
  A phantom (D:10)
  An ogre (D:8)
  Blork the orc (D:5)
  2 bullfrogs
  A scorpion (D:5)
  2 wights (D:6)
  A killer bee (D:11)
  A howler monkey (D:4)
  A crimson imp (D:9)
  A bullfrog zombie (D:11)
  2 hounds
  An orc priest (D:11)
  Crazy Yiuf (D:7)
  A bullfrog skeleton (D:10)
  3 orc wizards
  A merfolk avatar (Sewer)
  3 worker ants
  Robin (D:3)
  7 adders
  2 worms (D:3)
  A dart slug (D:3)
  A leopard gecko (D:1)
  9 orcs
  2 ball pythons (Sewer)
  3 giant cockroaches
  5 goblins
  4 hobgoblins
  9 jackals
  A quokka (D:3)
  2 frilled lizards (Sewer)
  7 kobolds
  5 rats (Sewer)
  A plant (Lair:1)
106 creatures vanquished.

Vanquished Creatures (others)
  4 fungi
4 creatures vanquished.

Grand Total: 352 creatures vanquished

Notes
Turn   | Place    | Note
-------+----------+-------------------------------------------
     0 | D:1      | tidbits the Felid Summoner began the quest for the Orb.
     0 | D:1      | Reached XP level 1. HP: 7/7 MP: 4/4
   325 | D:1      | Reached skill level 1 in Unarmed Combat
   412 | D:1      | Reached XP level 2. HP: 11/11 MP: 6/6
   416 | D:1      | Learned a level 2 spell: Call Imp
   731 | D:2      | Found a hide-covered altar of Uskayaw.
   731 | D:2      | Found a shadowy altar of Dithmenos.
   744 | D:2      | Reached skill level 2 in Unarmed Combat
   758 | D:2      | Became a worshipper of Uskayaw the Reveler
   768 | D:2      | Reached * piety under Uskayaw
   909 | D:2      | Reached XP level 3. HP: 9/14 MP: 5/7
  1240 | D:3      | Learned a level 3 spell: Call Canine Familiar
  1304 | D:3      | Reached skill level 3 in Stealth
  1346 | D:3      | Found a deep blue altar of Sif Muna.
  1612 | D:1      | Reached skill level 3 in Unarmed Combat
  1787 | D:3      | Reached XP level 4. HP: 18/18 MP: 4/8
  1808 | D:2      | Found an opulent altar of Gozag.
  1976 | D:4      | Found a staircase to the Ecumenical Temple.
  2053 | D:4      | Found a blossoming altar of Fedhas.
  2080 | D:5      | Entered Level 5 of the Dungeon
  2143 | D:5      | Reached skill level 4 in Stealth
  2143 | D:5      | Reached skill level 4 in Unarmed Combat
  2143 | D:5      | Reached XP level 5. HP: 7/21 MP: 9/9
  2167 | D:5      | Found a shadowy altar of Dithmenos.
  2167 | D:5      | Noticed a phantom
  2279 | D:5      | Reached skill level 1 in Fighting
  2356 | D:4      | Noticed a phantom
  2556 | D:6      | Found a glowing drain.
  2694 | D:6      | Gained mutation: You are covered in thick fur. (AC +2) [Felid growth]
  2694 | D:6      | Reached XP level 6. HP: 25/25 MP: 7/10
  2755 | Sewer    | Entered a sewer
  2772 | Sewer    | Reached skill level 5 in Stealth
  2879 | Sewer    | Reached ** piety under Uskayaw
  2882 | Sewer    | Reached skill level 5 in Unarmed Combat
  2884 | Sewer    | Reached *** piety under Uskayaw
  3224 | D:6      | Found Ajumehez's Armour Shop.
  3242 | D:6      | Noticed a sky beast
  3243 | D:6      | Noticed Sigmund
  3330 | D:6      | Noticed Eustachio
  3763 | D:4      | Reached skill level 6 in Stealth
  3894 | D:3      | Noticed Robin
  4218 | D:6      | Killed Eustachio
  4218 | D:6      | Reached skill level 6 in Unarmed Combat
  4218 | D:6      | Reached XP level 7. HP: 28/28 MP: 8/11
  4357 | D:7      | Found an iron altar of Okawaru.
  4446 | D:7      | Reached skill level 7 in Stealth
  4477 | D:7      | Found a runed door.
  4481 | D:7      | Noticed Crazy Yiuf
  4498 | D:7      | Killed Crazy Yiuf
  4498 | D:7      | Reached skill level 3 in Dodging
  4634 | D:8      | Reached skill level 4 in Dodging
  4670 | D:8      | Reached skill level 5 in Dodging
  4670 | D:8      | Reached XP level 8. HP: 32/32 MP: 12/12
  4703 | D:8      | Reached skill level 2 in Fighting
  4720 | D:8      | Found a bloodstained altar of Trog.
  4752 | D:8      | Found Meolock's Antique Weapon Emporium.
  4753 | D:8      | Found Hoppoq's General Store.
  4786 | D:8      | Reached skill level 7 in Unarmed Combat
  5096 | D:8      | Noticed a two-headed ogre
  5174 | D:8      | Killed a two-headed ogre
  5174 | D:8      | Reached skill level 9 in Stealth
  5174 | D:8      | Reached skill level 8 in Unarmed Combat
  5363 | D:9      | Reached XP level 9. HP: 36/36 MP: 13/13
  5396 | D:9      | Learned a level 4 spell: Summon Lightning Spire
  5473 | D:9      | Reached skill level 1 in Air Magic
  5866 | D:9      | Found a burning altar of Makhleb.
  5890 | D:10     | Entered Level 10 of the Dungeon
  5972 | D:10     | Reached skill level 2 in Air Magic
  6049 | D:10     | Reached skill level 5 in Summonings
  6208 | D:10     | Reached skill level 3 in Air Magic
  6323 | D:10     | Noticed a two-headed ogre
  6353 | D:10     | Killed a two-headed ogre
  6353 | D:10     | Reached skill level 6 in Summonings
  6353 | D:10     | Reached skill level 4 in Air Magic
  6377 | D:10     | Gained mutation: You tend to lose your temper in combat. [potion of mutation]
  6377 | D:10     | Gained mutation: You are partially covered in thin metallic scales. (AC +2) [potion of mutation]
  6377 | D:10     | Gained mutation: You are agile. (Dex +2) [potion of mutation]
  6378 | D:10     | Lost mutation: You are agile. (Dex +2) [potion of mutation]
  6378 | D:10     | Lost mutation: You tend to lose your temper in combat. [potion of mutation]
  6378 | D:10     | Lost mutation: You are partially covered in thin metallic scales. (AC +2) [potion of mutation]
  6378 | D:10     | Gained mutation: You are partially covered in rugged brown scales. (AC +1, +3% HP) [potion of mutation]
  6378 | D:10     | Gained mutation: Your muscles are strong. (Str +2) [potion of mutation]
  6554 | D:11     | Noticed a manticore
  6567 | D:11     | HP: 2/37 [manticore (10)]
  6568 | D:11     | Killed a manticore
  6568 | D:11     | Reached skill level 9 in Unarmed Combat
  6590 | D:11     | Noticed a brown ugly thing
  6673 | D:8      | Found a bloodstained altar of Trog.
  6740 | D:8      | Found Qufrauq's Distillery.
  6750 | D:8      | Bought a potion of heal wounds for 65 gold pieces
  6750 | D:8      | Bought a potion of invisibility for 104 gold pieces
  6750 | D:8      | Bought a potion of heal wounds for 65 gold pieces
  6750 | D:8      | Bought a potion of heal wounds for 65 gold pieces
  7126 | D:6      | Killed Sigmund
  7126 | D:6      | Reached skill level 3 in Fighting
  7180 | D:6      | Reached XP level 10. HP: 42/43 MP: 14/14
  7358 | D:8      | Reached skill level 4 in Fighting
  7511 | D:9      | Found a radiant altar of Vehumet.
  7524 | D:9      | Reached skill level 6 in Dodging
  7526 | D:9      | Reached **** piety under Uskayaw
  7705 | D:10     | Reached skill level 7 in Dodging
  8079 | D:8      | Found a staircase to the Lair.
  8136 | Lair:1   | Entered Level 1 of the Lair of Beasts
  8229 | Lair:1   | Noticed a spiny frog
  8246 | Lair:1   | Reached skill level 8 in Dodging
  8247 | Lair:1   | Killed a spiny frog
  8292 | Lair:1   | Noticed an oklob plant
  8398 | Lair:1   | Killed an oklob plant
  8398 | Lair:1   | Reached skill level 10 in Stealth
  8482 | Lair:1   | Noticed a spiny frog
  8497 | Lair:1   | Killed a spiny frog
  8670 | Lair:1   | Noticed a black mamba
  8796 | Lair:2   | Noticed Fannar
  8871 | Lair:2   | Noticed a black mamba
  8907 | Lair:2   | Noticed a spiny frog
  8912 | Lair:2   | Killed a spiny frog
  8923 | Lair:2   | Noticed Harold
  9021 | Lair:3   | Noticed a seven-headed hydra
  9022 | Lair:3   | Noticed a spiny frog
  9042 | Lair:2   | Killed a spiny frog
  9243 | D:12     | Noticed Kirke
  9243 | D:12     | Noticed a cyan ugly thing
  9266 | D:11     | Reached skill level 9 in Dodging
  9547 | D:12     | Noticed a manticore
  9558 | D:11     | Noticed a white ugly thing
  9740 | D:11     | Reached skill level 1 in Invocations
  9806 | D:11     | Reached skill level 2 in Invocations
  9816 | D:11     | Killed a white ugly thing
  9847 | D:10     | Found a sacrificial altar of Ru.
  9984 | D:6      | Found a stormy altar of Qazlal.
 10131 | D:6      | Reached skill level 3 in Invocations
 10256 | D:5      | Noticed Blork the orc
 10262 | D:5      | Killed Blork the orc
 10356 | D:3      | Killed Robin
 11216 | D:7      | Reached XP level 11. HP: 43/47 MP: 15/15
 11372 | D:11     | Reached skill level 4 in Invocations
 11444 | D:11     | Noticed a two-headed ogre
 11500 | D:11     | Killed a two-headed ogre
 11500 | D:11     | Reached skill level 10 in Dodging
 11627 | D:11     | Killed a brown ugly thing
 11866 | Lair:1   | Reached skill level 11 in Dodging
 12297 | Lair:3   | Noticed Rupert
 12306 | Lair:3   | Noticed an eight-headed hydra
 12308 | Lair:3   | Reached skill level 11 in Stealth
 12339 | Lair:3   | Reached skill level 5 in Fighting
 12339 | Lair:3   | Reached skill level 10 in Unarmed Combat
 12398 | Lair:4   | Found a staircase to the Snake Pit.
 12402 | Lair:4   | Found a staircase to the Shoals.
 12453 | Lair:4   | Noticed Nessos
 12479 | Lair:4   | Slain by a komodo dragon
 12480 | Lair:4   | Reached XP level 10. HP: 0/45 MP: 17/23
 12577 | Lair:3   | Noticed Snorg
 12610 | Lair:3   | Noticed Gastronok
 12740 | Lair:3   | Slain by Snorg
 12741 | Lair:3   | Reached XP level 9. HP: -2/41 MP: 5/22
 12757 | Lair:3   | Noticed a black mamba
 12762 | Lair:3   | Killed a black mamba
 12955 | Lair:3   | Killed Gastronok
 12955 | Lair:3   | Reached skill level 6 in Fighting
 12955 | Lair:3   | Reached skill level 12 in Stealth
 12955 | Lair:3   | Reached XP level 10. HP: 46/46 MP: 14/14
 12961 | Lair:3   | Mangled by a spiny frog

Skill      XL: |  1  2  3  4  5  6  7  8  9 10 11 |
---------------+----------------------------------+-----
Unarmed Combat | 1 2 3 4 6 8 9 10 | 10.5
Stealth        | 3 4 6 7 9 12 10 11 | 12.0
Fighting       | 1 2 6 4 5 |  6.1
Dodging        | 5 9 11 | 11.3
Air Magic      | 4 |  4.3
Summonings     | 6 |  6.3
Invocations    | 3 4 |  4.6
Spellcasting   | |  2.1

Action                   |  1- 3 |  4- 6 |  7- 9 | 10-12 || total
-------------------------+-------+-------+-------+-------++-------
Melee: Unarmed           |    99 |   182 |   203 |   282 ||   766
       Bite              |     3 |    10 |    10 |    19 ||    42
       Punch             |       |     6 |    13 |    12 ||    31
 Cast: Summon Small Mamm |    36 |    11 |    12 |     3 ||    62
       Call Imp          |     6 |     8 |    16 |     2 ||    32
       Call Canine Famil |     4 |    25 |    28 |    19 ||    76
       Summon Lightning  |       |       |     3 |    56 ||    59
Evoke: Wand              |       |     3 |    11 |    10 ||    24
  Use: Scroll            |       |     9 |     7 |     9 ||    25
       Potion            |       |     3 |     7 |     2 ||    12
 Stab: Sleeping          |    13 |    20 |    28 |    22 ||    83
       Distracted        |     1 |     1 |     2 |     9 ||    13
       Paralysed         |       |       |     4 |     6 ||    10
  Eat: Chunk             |    10 |     9 |    17 |    28 ||    64
Armor: Skin              |     4 |    15 |    11 |    11 ||    41
Dodge: Dodged            |    91 |   115 |   165 |   251 ||   622

Table legend:
 A = Turns spent in this place as a percentage of turns spent in the entire game.
 B = Non-inter-level travel turns spent in this place as a percentage of non-inter-level travel turns spent in the entire game.
 C = Inter-level travel turns spent in this place as a percentage of turns spent in this place.
 D = Turns resting spent in this place as a percentage of non-inter-level travel turns spent in this place.
 E = Turns spent auto-exploring this place as a percentage of non-inter-level travel turns spent in this place.
 F = Non-inter-level travel turns spent in this place divided by the number of levels of this place that you've seen.
                   A       B       C       D       E      F
               +-------+-------+-------+-------+-------+----------------------
         Total | 100.0 | 100.0 |   0.9 |   0.2 |   0.0 | 577.9
       Dungeon |  76.1 |  76.0 |   1.0 |   0.2 |   0.0 | 622.2
          Lair |  19.1 |  19.1 |   0.8 |   0.2 |   0.0 | 470.0
         Sewer |   4.8 |   4.9 |   0.0 |   0.0 |   0.0 | 478.0
               +-------+-------+-------+-------+-------+----------------------

Table legend:
 A = Kills in this place as a percentage of kills in entire the game.
 B = Kills by you in this place as a percentage of kills by you in the entire game.
 C = Kills by friends in this place as a percentage of kills by friends in the entire game.
 D = Other kills in this place as a percentage of other kills in the entire game.
 E = Experience gained in this place as a percentage of experience gained in the entire game.
 F = Experience gained in this place divided by the number of levels of this place that you have seen.
                   A       B       C       D       E      F
               +-------+-------+-------+-------+-------+----------------------
         Total | 100.0 | 100.0 | 100.0 |  -nan | 100.0 | 1139.2
       Dungeon |  76.4 |  75.2 |  79.0 |  -nan |  55.1 | 888.8
          Lair |  11.5 |  12.8 |   8.6 |  -nan |  44.2 | 2141.2
         Sewer |  12.1 |  12.0 |  12.4 |  -nan |   0.7 | 137.0
               +-------+-------+-------+-------+-------+----------------------

Vault maps used:
D:1:      saegor_arrival_miasma
D:2:      grunt_gozag_statues, grunt_temple_overflow_open,
          lexackson_kobold_supper
D:3:      kb_forest_paths, lemuel_blue_sif_altar, uniq_robin
D:4:      minmay_wonky_spiral, overflow_temple_1_default,
          minmay_temple_entry_poolview
D:5:      first_bread, grunt_dithmenos_shadows, uniq_blork_the_orc
D:6:      gup_sewer_entry_glass, serial_shops, kennysheep_mini,
          minmay_crystal_water, nicolae_qazlal_style_of_elements, uniq_sigmund,
          uniq_eustachio
D:7:      nicolae_overflow_hidden_temple, grunt_ogre_cave,
          uniq_crazy_yiuf_cottage
D:8:      lightli_temple_of_fire, grunt_lair_entry_orc_guard_hut, serial_shops,
          shop, shop, shop, bloody_trog
D:9:      makhleb_heckhound_becter, vehumet_crystals
D:10:     nicolae_ru_path_of_blood
D:12:     erik_orc_3, enter_bailey_7, uniq_urug, uniq_kirke
Lair:1:   grunt_megastairs_3, minmay_lair_oklob_chamber, lemuel_fruit_fields
Lair:2:   bobbens_dragon_lair_wall, uniq_harold, uniq_fannar
Lair:3:   lemuel_ratsnest, lemuel_fruit_tree, grunt_megastairs_4,
          uniq_gastronok, uniq_snorg, uniq_rupert
Lair:4:   minmay_shoals_entry_beasts, guppyfry_snake_entry_island,
          roderic_batcave, minmay_lair_drake_nest, uniq_nessos
Sewer:    sewer_sea
